 Dungeon Crawl Stone Soup version 0.32-a0-818-gb728d0252e (webtiles) character file.

Game seed: 1434595202915208715

261 pokeman the Magician (level 5, -4/29 HPs)
             Began as a Deep Elf Hedge Wizard on Mar 23, 2024.
             Slain by a kobold brigand
             ... wielding a +0 whip
              (7 damage)
             ... on level 3 of the Dungeon.
             The game lasted 00:06:12 (3452 turns).

pokeman the Magician (Deep Elf Hedge Wizard)        Turns: 3452, Time: 00:06:13

Health: -4/29      AC:  5    Str:  7    XL:     5   Next: 96%
Magic:  1/16       EV: 12    Int: 21    God:
Gold:   152        SH:  0    Dex: 14    Spells: 9/17 levels left

rFire   . . .        i - +0 war axe
rCold   . . .        (no shield)
rNeg    . . .        b - +0 robe
rPois   +            f - +0 helmet
rElec   .            t - +0 cloak
rCorr   .            q - +0 pair of gloves
SInv    .            (no boots)
Will    .....        (no amulet)
Stlth   ++           l - ring of poison resistance
HPRegen 0.24/turn    (no ring)
MPRegen 0.15/turn

%: no passive effects
@: no status effects
A: no striking features
a: no special abilities


You were on level 3 of the Dungeon.
You visited 1 branch of the dungeon, and saw 3 of its levels.

You collected 152 gold pieces.

Inventory:

Hand Weapons
 i - a +0 war axe (weapon)
Missiles
 v - a curare-tipped dart
Armour
 b - a +0 robe (worn)
 f - a +0 helmet (worn)
 q - a +0 pair of gloves (worn)
 t - a +0 cloak (worn)
Jewellery
 l - a ring of poison resistance (left hand)
Wands
 k - a wand of charming (7)
 p - a wand of quicksilver (17)
Scrolls
 a - a scroll of vulnerability {unknown}
 g - 3 scrolls of identify {unknown}
 h - 2 scrolls of fog {unknown}
 j - a scroll of noise {unknown}
 m - a scroll of enchant armour {unknown}
 n - a scroll of immolation {unknown}
 o - a scroll of amnesia {unknown}
 s - a scroll of teleportation {unknown}
Potions
 c - a potion of brilliance {unknown}
 d - a potion of magic
 e - a potion of mutation {unknown}
 r - 3 potions of heal wounds {unknown}
 u - a potion of ambrosia {unknown}


   Skills:
 + Level 1.1 Fighting
 - Level 1.0 Armour
 - Level 3.0 Dodging
 - Level 3.0 Stealth
 * Level 6.6 Spellcasting
 + Level 2.9 Conjurations
 - Level 1.1 Summonings
 - Level 1.1 Translocations
 - Level 1.0 Air Magic
 - Level 1.1 Alchemy
 - Level 1.0 Evocations


You had 9 spell levels left.
You knew the following spells:

 Your Spells              Type           Power      Damage    Failure   Level
a - Magic Dart            Conj           76%        1d6       2%          1
b - Mephitic Cloud        Conj/Alch/Air  14%        N/A       14%         3
c - Call Imp              Summ           22%        N/A       9%          2
d - Blink                 Tloc           22%        N/A       9%          2

Your spell library contained the following spells:

 Spells                   Type           Power      Damage    Failure   Level
 Kiss of Death            Conj/Necr      52%        2d9       4%          1
 Slow                     Hex            24%        N/A       10%         1
 Cigotuvi's Dreadful Rot  Necr/Alch/Air  18%        N/A       11%         2
 Ensorcelled Hibernation  Hex/Ice        12%        N/A       14%         2
 Swiftness                Air            11%        N/A       19%         3
 Confusing Touch          Hex            6%         N/A       28%         3
 Passwall                 Erth           6%         N/A       28%         3
 Dispel Undead            Necr           6%         3d8       67%         4
 Conjure Ball Lightning   Conj/Air       7%         3x3d6     99%         6
 Discord                  Hex            3%         N/A       100%        8
 Disjunction              Tloc           5%         N/A       100%        8


Dungeon Overview and Level Annotations

Branches:
Dungeon (3/15)

Altars:


Message History

The kobold brigand seems less confused.
The kobold brigand misses you.
Unknown command.
You barely miss the kobold brigand.
The kobold brigand is almost dead.
The kobold brigand hits you with a +0 whip.
The kobold brigand grins madly.
The kobold brigand misses you.
The kobold brigand hits you with a +0 whip.
The kobold brigand hits itself with a +0 whip!
You hit the kobold brigand but do no damage.
The kobold brigand is moderately wounded.
You closely miss the kobold brigand. The kobold brigand closely misses you.
Unknown command.
You hit the kobold brigand.
The kobold brigand is moderately wounded.
You miss the kobold brigand.
The kobold brigand hits you with a +0 whip!
* * * LOW HITPOINT WARNING * * *
The kobold brigand hits you but does no damage.
The kobold brigand closely misses the kobold brigand.
Casting: Mephitic Cloud (quite dangerous; 14% risk of failure)
Confirm with . or Enter, or press ? or * to list all spells.
Aiming: Magic Dart (safe; 2% risk of failure)
Press: ? - help, Shift-Dir - straight line, f - kobold brigand
Aim: a kobold brigand, wielding a +0 whip and quivering curare-tipped darts (almost dead, 100% to hit)
Okay, then.
Unknown command.
Casting: Magic Dart (safe; 2% risk of failure)
Confirm with . or Enter, or press ? or * to list all spells.
Aiming: Mephitic Cloud (quite dangerous; 14% risk of failure)
Press: ? - help, Shift-Dir - straight line, f - kobold brigand
Aim: a kobold brigand, wielding a +0 whip and quivering curare-tipped darts (moderately wounded, confused, chance to affect: 77%)
The ball explodes into a vile cloud!
The stinking cloud engulfs the kobold brigand.
The kobold brigand is moderately wounded.
The stinking cloud engulfs the kobold brigand.
The kobold brigand is almost dead.
The kobold brigand is engulfed in noxious fumes.
The kobold brigand hits you with a +0 whip!
You die...

...~.~.~~~~~~~.~~~~~~~.~~~~~~~~~~
~~~~~~~~~~~~~~~~~≈≈≈~~~~~~≈~~≈~~~
≈~≈≈≈≈≈≈≈≈≈≈≈≈≈≈≈≈≈≈~≈≈≈≈~≈≈≈≈≈≈≈
~≈~≈≈≈≈≈≈≈≈≈≈≈≈≈≈≈≈≈≈#####~≈≈≈≈≈≈
###################### #≈≈≈≈≈≈≈
....#.....## ##......# #≈≈≈≈≈≈≈
....'......###.......# .#
#####.......#........##'#
....)..)....#...@)...(..#
.))...()....'..K§§.)).(.#
....÷†......#..☼K.))....#
#####.......#....§.).##'#
....'......###.......#
....#.....## ##......#
########### ########


You could see 2 kobold brigands.

Vanquished Creatures
  2 kobold brigands (D:3)
  4 gnolls (D:3)
  A ribbon worm (D:3)
  A dart slug (D:1)
  4 ball pythons
  6 bats
  7 endoplasms
  4 giant cockroaches
  3 goblins
  9 hobgoblins
  19 kobolds
  4 quokkas
  A frilled lizard (D:1)
  10 rats
75 creatures vanquished.

Notes
Turn   | Place    | Note
-------+----------+-------------------------------------------
     0 | D:1      | pokeman the Deep Elf Hedge Wizard began the quest for the
                  | Orb.
     0 | D:1      | Reached XP level 1. HP: 10/10 MP: 7/7
   276 | D:1      | Reached XP level 2. HP: 15/15 MP: 5/9
   743 | D:1      | Reached skill level 5 in Spellcasting
  1354 | D:1      | Reached XP level 3. HP: 20/20 MP: 9/11
  1358 | D:1      | Learned a level 3 spell: Mephitic Cloud
  1361 | D:1      | Learned a level 2 spell: Call Imp
  1364 | D:1      | Learned a level 2 spell: Blink
  2205 | D:2      | Reached skill level 1 in Armour
  2496 | D:3      | Reached skill level 1 in Fighting
  3056 | D:3      | Noticed a kobold brigand
  3065 | D:3      | Killed a kobold brigand
  3066 | D:3      | Reached skill level 6 in Spellcasting
  3066 | D:3      | Reached XP level 4. HP: 24/25 MP: 9/14
  3066 | D:3      | Reached XP level 5. HP: 28/29 MP: 9/15
  3342 | D:3      | Reached skill level 1 in Air Magic
  3342 | D:3      | Reached skill level 1 in Alchemy
  3342 | D:3      | Reached skill level 1 in Evocations
  3452 | D:3      | Slain by a kobold brigand

Illustrated notes

Levels and vault maps discovered:
D:1:      erik_arrival_blinker_ship, layout_basic
D:2:      layout_loops_cross
D:3:      minmay_goblin_kobold_castle, layout_basic, hangedman_decor_push,
          uniq_crazy_yiuf_cottage

Skill      XL: |  1  2  3  4  5 |
---------------+----------------+-----
Spellcasting   | 5 6 |  6.6
Armour         | 1 |  1.0
Fighting       | 1 |  1.1
Conjurations   | 2 |  2.9
Dodging        | 3 |  3.0
Stealth        | 3 |  3.0
Air Magic      | 1 |  1.0
Alchemy        | 1 |  1.1
Evocations     | 1 |  1.0
Summonings     | |  1.1
Translocations | |  1.1

Action                     |  1- 3 |  4- 6 || total
---------------------------+-------+-------++-------
  Melee: Dagger            |    14 |       ||    14
         War axe           |     6 |    24 ||    30
   Cast: Magic Dart        |   142 |    34 ||   176
         Mephitic Cloud    |     2 |     5 ||     7
 Armour: Robe              |    18 |    30 ||    48
  Dodge: Dodged            |    23 |    25 ||    48

Table legend: (Time is in decaauts)
 A = Elapsed time spent in this place.
 B = Non-inter-level travel time spent in this place.
 C = Inter-level travel time spent in this place.
 D = Time resting spent in this place.
 E = Time spent auto-exploring this place.
 F = Levels seen in this place.
 G = Mean time per level.
                   A        B        C        D        E       F      G
               +--------+--------+--------+--------+--------+-----+--------+
         Total |   3469 |   3425 |     44 |      0 |   2983 |   3 | 1156.3 |
       Dungeon |   3469 |   3425 |     44 |      0 |   2983 |   3 | 1156.3 |
               +--------+--------+--------+--------+--------+-----+--------+

Top non-repeatable levels by time:
     D:1: 1423 daAuts
     D:3: 1132 daAuts
     D:2: 914 daAuts
